 Dungeon Crawl Stone Soup version 0.25.1-8-g42b30a86e7 (webtiles) character file.

Game seed: 16266310907506443089

117952 Subbak the Nimble (level 16, -27/118 HPs)
             Began as an Octopode Monk on Dec 21, 2020.
             Was a High Priest of Dithmenos.
             Annihilated by an enormous slime creature (85 damage)
             ... on level 13 of the Dungeon on Dec 22, 2020.
             The game lasted 04:23:58 (50186 turns).

Subbak the Nimble (Octopode Monk)                  Turns: 50186, Time: 04:24:11

Health: -27/118    AC:  1    Str: 13    XL:     16   Next: 75%
Magic:  40/42      EV: 28    Int: 18    God:    Dithmenos [*****.]
Gold:   443        SH:  5    Dex: 13    Spells: 4/29 levels left

rFire    + + .     SeeInvis .   b - +4 short sword (venom)
rCold    + + +     Gourm    .   g - +0 buckler
rNeg     . . .     Faith    .   (helmet restricted)
rPois    .         Spirit   .   i - amulet of the acrobat
rElec    .         Reflect  .   q - ring of stealth
rCorr    .         Harm     .   d - ring of magical power
MR       ++++.                  x - ring "Forget-Me-Not" {EV+4 Int+4}
Stlth    +++++++++.             U - +4 ring of evasion
HPRegen  0.29/turn              V - ring of magical power
MPRegen  0.28/turn              N - ring "Iruumaxt" {*Contam rF+ rC+++ MR++ Dex-4}
                                y - ring of protection from fire
                                (no ring)

@: wreathed by umbra
A: almost no armour, stealthy swim, amphibious, 8 rings, constrict 8, camouflage
1, low mp 1, magic resistance 1, robust 1, gelatinous body 1
a: Shadow Step, Shadow Form, Renounce Religion


You were on level 13 of the Dungeon.
You worshipped Dithmenos.
Dithmenos was extremely pleased with you.
You were not hungry.

You visited 4 branches of the dungeon, and saw 25 of its levels.
You also visited: Gauntlet and Volcano.

You collected 2058 gold pieces.
You spent 1615 gold pieces at shops.

Inventory:

Hand Weapons
 a - a +4 double sword of electrocution
 b - a +4 short sword of venom (weapon)
 L - the +11 long sword of the People {holy, +Fly}
   (You found it on level 11 of the Dungeon)

   It has been blessed by the Shining One to cause great damage to the undead
   and demons.
   It lets you fly.
Missiles
 C - 70 poisoned darts (quivered)
Armour
 g - a +0 buckler (worn)
Jewellery
 d - a ring of magical power (right tentacle)
 i - an amulet of the acrobat (around mantle)
 q - a ring of stealth (left tentacle)
 x - the ring "Forget-Me-Not" (on tentacle) {EV+4 Int+4}
   (You found it in a Gauntlet)

   [ring of evasion]

   It affects your evasion (+4).
   It affects your intelligence (+4).
 y - a ring of protection from fire (on tentacle)
 A - an uncursed amulet of magic regeneration
 N - the ring "Iruumaxt" (on tentacle) {*Contam rF+ rC+++ MR++ Dex-4}
   (You found it on level 6 of the Lair of Beasts)

   [ring of protection from fire]

   It affects your dexterity (-4).
   It protects you from fire.
   It renders you almost immune to cold.
   It affects your resistance to hostile enchantments.
   It causes magical contamination when unequipped.
 U - a +4 ring of evasion (on tentacle)
 V - a ring of magical power (on tentacle)
 X - an uncursed ring of fire
Wands
 p - a wand of acid (6)
 B - a wand of paralysis (12)
 D - a wand of flame (56)
 F - a wand of polymorph (8)
 H - a wand of disintegration (13)
 I - a wand of digging (3)
 T - a wand of iceblast (8)
Scrolls
 e - 3 scrolls of teleportation
 l - a scroll of blinking
 o - 5 scrolls of identify
 t - 12 scrolls of remove curse
 E - 2 scrolls of fog
 O - 2 scrolls of vulnerability
 Q - 2 scrolls of holy word
 R - 3 scrolls of fear
 Y - 2 scrolls of summoning
 Z - 5 scrolls of magic mapping
Potions
 c - 3 potions of berserk rage
 f - 2 potions of ambrosia
 h - 5 potions of brilliance
 j - 5 potions of stabbing
 n - 3 potions of resistance
 r - 2 potions of magic
 u - 3 potions of cancellation
 v - 5 potions of might
 w - 7 potions of haste
 z - 5 potions of lignification
 G - 3 potions of curing
 J - 2 potions of invisibility
Miscellaneous
 s - a phial of floods
 W - a lightning rod (4/4)
Comestibles
 k - 23 rations


   Skills:
 + Level 9.5 Fighting
 - Level 11.5(12.0) Short Blades
 * Level 6.0(9.6) Long Blades
 * Level 12.3 Dodging
 - Level 7.5 Stealth
 + Level 6.6 Shields
 + Level 7.3 Spellcasting
 + Level 5.3 Conjurations
 + Level 9.7 Hexes
 + Level 8.1 Transmutations
 - Level 5.1 Ice Magic
 + Level 8.2 Earth Magic
 + Level 10.7 Invocations
 - Level 4.5 Evocations


You had 4 spell levels left.
You knew the following spells:

 Your Spells              Type           Power        Failure   Level  Hunger
a - Confusing Touch       Hex            #####...     1%          3    #......
b - Petrify               Tmut/Erth      #####...     3%          4    ###....
c - Metabolic Englaciati  Hex/Ice        ####......   14%         5    #####..
d - Tukima's Dance        Hex            #####...     1%          3    #......
e - Cause Fear            Hex            #####.....   1%          4    ###....
f - Fulminant Prism       Conj/Hex       ####......   4%          4    ###....
g - Passwall              Tmut/Erth      #####...     1%          2    None

Your spell library contained the following spells:

 Spells                   Type           Power        Failure   Level  Hunger
 Magic Dart               Conj           ####         1%          1    None
 Searing Ray              Conj           ####..       1%          2    None
 Dazzling Flash           Conj/Hex       ####..       1%          3    #......
 Portal Projectile        Hex/Tloc       ###...       4%          3    #......
 Summon Guardian Golem    Hex/Summ       ###.....     4%          3    #......
 Animate Skeleton         Necr           N/A          11%         1    None
 Pain                     Necr           #...         11%         1    None
 Swiftness                Chrm/Air       #.......     16%         2    None
 Gell's Gravitas          Tloc           #.........   30%         3    #......
 Vampiric Draining        Necr           #.........   30%         3    #......
 Iskenderun's Mystic Bla  Conj/Tloc      ###.....     34%         4    ###....
 Animate Dead             Necr           N/A          71%         4    ###....
 Passage of Golubria      Tloc           N/A          71%         4    ###....
 Yara's Violent Unravell  Hex/Tmut       #####.....   8%          5    #####..
 Lee's Rapid Deconstruct  Erth           #####.....   10%         5    #####..
 Darkness                 Hex            #####.....   30%         6    ######.
 Invisibility             Hex            #####...     30%         6    ######.
 Silence                  Hex/Air        ###.......   36%         5    #####..
 Bolt of Magma            Conj/Fire/Erth ###.......   41%         5    #####..
 Iskenderun's Battlesphe  Conj/Chrm      ###.....     67%         5    #####..
 Iron Shot                Conj/Erth      ####......   69%         6    ######.
 Agony                    Necr           #.......     96%         5    #####..
 Excruciating Wounds      Chrm/Necr      #.........   96%         5    #####..
 Orb of Destruction       Conj           ####......   100%        7    #######
 Spellforged Servitor     Conj/Summ      ###.......   100%        7    #######
 Discord                  Hex            #####.....   100%        8    #######


Dungeon Overview and Level Annotations

Branches:
Dungeon (13/15)            Temple (0/1) D:5            Lair (6/6) D:11
 Shoals (4/4) Lair:4       Spider (0/4) Lair:4        Slime (0/5) Lair:6
    Orc (2/2) D:12            Elf (0/3) Orc:2       Volcano (visited)
Gauntlet (visited)
 Vaults: D:13-14

Altars:
Dithmenos
Kikubaaqudgha
Makhleb
Nemelex Xobeh
Wu Jian
Xom
Yredelemnul
Beogh
Jiyva

Shops:
D:8 *   Orc:2 (*??

Portals:
Abyss: Shoals:1

Annotations:
Shoals:1 2 transporters, Witt's ghost, adept GrFi
Shoals:2 exclusion: 2 oklob plants
Shoals:4 Ilsuiw


Innate Abilities, Weirdness & Mutations

You cannot wear most types of armour.
You are very stealthy in the water. (Stealth+)
You are amphibious.
You can wear up to eight rings at the same time.
You can use your tentacles to constrict eight enemies at once.
Your skin changes colour to match your surroundings (Stealth+).
Your rubbery body absorbs attacks. (AC +1, EV +1)
Your magical capacity is low. (-10% MP)
You are resistant to hostile enchantments. (MR+)
You are robust. (+10% HP)


Message History

The helpless enormous slime creature fails to defend itself.
You perforate the enormous slime creature like a sieve!!!
The enormous slime creature is moderately wounded.
The helpless enormous slime creature fails to defend itself.
You perforate the enormous slime creature like a sieve!!!
You squeeze the enormous slime creature.
The enormous slime creature is heavily wounded.
Your shadow hits the enormous slime creature but does no damage.
The helpless enormous slime creature fails to defend itself.
You spit the enormous slime creature like a pig!!!
You squeeze the enormous slime creature, but do no damage.
The enormous slime creature is heavily wounded.
The enormous slime creature is no longer petrified.
You hit the enormous slime creature.
Your squeeze misses the enormous slime creature.
The enormous slime creature is heavily wounded.
Your shadow hits the enormous slime creature with a short sword.
The enormous slime creature hits you!!!!
Ouch! That really hurt!
You die...

############## ##########
#............# #.........
#.#########..# #.#######. ##.##
#....#.# #)# #. ##.#.##
#...#..### ##.#######.
##.###.###...§....# ##..........
##.## ##.##.§.#§§#§###.#.#######.
..## ##...§..§@§§)..##..# #.
.#.## ##.##..###J#§##).#.#######.
.##.###.###..# #§#.##.#..........
.###.#.####..###§#.##.###########
.####.........J§§#...............
.[...........########.###########
.######.###### #.##########. .#
#.# #...........( .# #.#
###.#####.##.


You could see an enormous slime creature.

Vanquished Creatures
  2 orc warlords (Orc:2)
  3 merfolk impalers
  A fire dragon (Volcano)
  8 hydras
  Fannar (D:11)
  2 satyrs
  A centaur warrior (D:13)
  2 alligator snapping turtles (Shoals:2)
  2 merfolk avatars
  Erica (D:8)
  A catoblepas (Lair:6)
  6 two-headed ogres
  Urug (Lair:3)
  2 merfolk aquamancers
  A deep troll shaman (Lair:6)
  11 death yaks
  4 orc high priests (Orc:2)
  7 sea snakes
  An unseen horror (D:11)
  Pikel (D:5)
  3 orc knights (Orc:2)
  4 orc sorcerers
  4 lindwurms (Lair:3)
  A deep elf mage (D:12)
  4 harpies (Shoals:1)
  2 ugly things
  4 oklob plants (Lair:6)
  11 fauns
  A shining eye (Gauntlet)
  8 manticores
  2 cyclopes (Shoals:2)
  3 salamanders (Volcano)
  8 elephants
  4 black mambas
  3 merfolk sirens
  6 water nymphs
  7 spiny frogs
  A hellion (Gauntlet)
  A rime drake (Lair:4)
  8 komodo dragons
  A freezing wraith (D:12)
  An ice devil (Gauntlet)
  A tengu conjurer (D:13)
  24 merfolk
  2 wind drakes
  6 trolls
  A hornet (D:12)
  6 polar bears
  13 blink frogs
  Grinder (D:3)
  Prince Ribbit (D:8)
  13 slime creatures
  13 hippogriffs
  4 dream sheep (Shoals:2)
  7 snapping turtles
  6 wyverns
  A centaur simulacrum (D:13)
  7 water elementals
  31 yaks
  A wraith (D:11)
  10 fire bats
  2 basilisks
  4 steam dragons
  A golden eye (Gauntlet)
  2 vampire mosquitoes (D:13)
  A hungry ghost (D:11)
  Menkaure (D:4)
  2 wargs (Orc:2)
  A soldier ant (D:10)
  7 porcupines
  16 water moccasins
  A floating eye (Gauntlet)
  44 orc warriors
  2 ice beasts
  A sky beast (D:9)
  2 necrophages
  A black bear (Lair:6)
  A phantom (D:4)
  19 ogres
  17 wolves
  An eye of draining (D:11)
  10 centaurs
  21 crocodiles
  2 big kobolds (D:10)
  An elf zombie (D:10)
  15 bullfrogs
  A wyvern skeleton (D:13)
  A scorpion (D:11)
  A troll zombie (D:10)
  17 killer bees
  12 wights
  4 howler monkeys
  6 crimson imps
  2 bullfrog zombies
  A quasit (D:7)
  9 hounds
  2 bullfrog skeletons
  4 centaur zombies
  A jelly (D:6)
  4 human zombies (D:10)
  29 orc wizards
  4 centaur skeletons
  35 orc priests
  5 iguanas
  Jessica (D:2)
  2 human skeletons (D:10)
  Terence (D:2)
  7 worker ants
  A mummy (D:10)
  A worker ant zombie (D:9)
  10 gnolls
  A howler monkey skeleton (D:5)
  15 adders
  3 shadow imps
  2 white imps (Gauntlet)
  An ooze (D:1)
  A worm (D:6)
  4 dart slugs
  3 leopard geckos
  120 orcs
  2 giant cockroaches
  8 goblins
  7 hobgoblins
  9 jackals
  16 kobolds
  7 quokkas
  2 ball pythons
  8 bats
  5 frilled lizards
  2 leopard gecko skeletons
  7 rats
  2 butterflies (Lair:6)
854 creatures vanquished.

Vanquished Creatures (collateral kills)
  A minotaur (Gauntlet)
  2 merfolk impalers
  2 two-headed ogres
  An orc knight (Orc:1)
  3 merfolk
  5 orc warriors (Orc:2)
  An ogre (Orc:2)
  2 orc priests (Orc:2)
  6 orcs
23 creatures vanquished.

Vanquished Creatures (others)
  A merfolk javelineer (Shoals:1)
  A merfolk siren (Shoals:4)
  20 dancing weapons
  A merfolk (Shoals:1)
  A slime creature (D:13)
  2 slaves (D:5)
  An ogre (D:5)
  A centaur (D:11)
  A worker ant (D:5)
  An adder zombie (D:5)
  21 fulminant prisms
  13 fungi
  33 plants
97 creatures vanquished.

Grand Total: 974 creatures vanquished

Notes
Turn   | Place    | Note
-------+----------+-------------------------------------------
     0 | D:1      | Subbak the Octopode Monk began the quest for the Orb.
     0 | D:1      | Reached XP level 1. HP: 16/16 MP: 1/1
    82 | D:1      | Reached XP level 2. HP: 17/21 MP: 2/2
   467 | D:1      | Reached XP level 3. HP: 26/26 MP: 3/3
   911 | D:1      | Reached skill level 1 in Shields
  1123 | D:2      | Noticed Jessica
  1126 | D:2      | Killed Jessica
  1126 | D:2      | Reached XP level 4. HP: 31/31 MP: 4/4
  1672 | D:2      | Reached XP level 5. HP: 33/36 MP: 5/5
  1673 | D:2      | Reached skill level 4 in Dodging
  1873 | D:2      | Found a faded altar of an unknown god.
  1882 | D:2      | Became a worshipper of Dithmenos the Shadowed
  1882 | D:2      | Reached * piety under Dithmenos
  1882 | D:2      | Reached ** piety under Dithmenos
  2076 | D:2      | Noticed Terence
  2084 | D:2      | Killed Terence
  2084 | D:2      | Reached skill level 1 in Short Blades
  2088 | D:2      | Reached *** piety under Dithmenos
  2107 | D:2      | Reached skill level 1 in Invocations
  2539 | D:3      | Noticed Grinder
  2569 | D:3      | Reached XP level 6. HP: 35/43 MP: 6/6
  3211 | D:4      | Noticed a phantom
  3236 | D:4      | Killed a phantom
  3381 | D:4      | Found Hyimilar's Distillery.
  3388 | D:4      | Bought a potion of curing for 42 gold pieces
  3388 | D:4      | Bought a potion of heal wounds for 70 gold pieces
  3490 | D:4      | Noticed Menkaure
  3558 | D:4      | Killed Menkaure
  3558 | D:4      | Reached XP level 7. HP: 16/48 MP: 8/8
  3743 | D:4      | Reached **** piety under Dithmenos
  4055 | D:4      | Reached skill level 5 in Dodging
  4325 | D:5      | Entered Level 5 of the Dungeon
  4694 | D:5      | Reached XP level 8. HP: 54/54 MP: 10/10
  4695 | D:5      | Noticed Pikel
  4717 | D:5      | Killed Pikel
  4730 | D:5      | Reached skill level 6 in Dodging
  5005 | D:5      | Found a staircase to the Ecumenical Temple.
  5507 | D:6      | Reached skill level 5 in Stealth
  5816 | D:4      | Bought a potion of mutation for 112 gold pieces
  6033 | D:6      | Reached skill level 5 in Fighting
  6217 | D:6      | Reached XP level 9. HP: 61/61 MP: 10/12
  6432 | D:6      | Found a shimmering altar of Xom.
  6432 | D:6      | Found a shimmering altar of Xom.
  6434 | D:6      | Found a shimmering altar of Xom.
  6434 | D:6      | Found a shimmering altar of Xom.
  6434 | D:6      | Found a shimmering altar of Xom.
  6440 | D:6      | Found a shimmering altar of Xom.
  6440 | D:6      | Found a shimmering altar of Xom.
  6448 | D:6      | Reached skill level 5 in Short Blades
  7120 | D:7      | Reached ***** piety under Dithmenos
  7324 | D:7      | Reached skill level 7 in Dodging
  7985 | D:7      | HP: 2/61 [orc warrior/+0 trident (22)]
  8447 | D:8      | Noticed Erica
  8465 | D:8      | Reached skill level 5 in Invocations
  8840 | D:8      | Noticed Prince Ribbit
  8903 | D:8      | Reached XP level 10. HP: 23/68 MP: 13/13
  9135 | D:8      | Found Fanivau Zihe's Serpentskin Sales.
  9326 | D:4      | Bought a potion of ambrosia for 112 gold pieces
  9614 | D:3      | Killed Grinder
  9614 | D:3      | Reached skill level 1 in Evocations
  9734 | D:8      | Killed Prince Ribbit
  9734 | D:8      | Reached skill level 5 in Shields
  9765 | D:8      | Killed Erica
  9765 | D:8      | Reached skill level 8 in Dodging
 10558 | D:9      | Found an ornate altar of the Wu Jian Council.
 10753 | D:8      | Learned a level 3 spell: Confusing Touch
 11140 | D:9      | Found an ancient bone altar of Kikubaaqudgha.
 11237 | D:10     | Entered Level 10 of the Dungeon
 11313 | D:4      | Bought a potion of degeneration for 14 gold pieces
 11313 | D:4      | Bought 2 potions of lignification for 84 gold pieces
 11398 | D:10     | Reached skill level 1 in Hexes
 11412 | D:10     | Reached skill level 1 in Spellcasting
 11605 | D:10     | Noticed a two-headed ogre
 11617 | D:10     | Killed a two-headed ogre
 11617 | D:10     | Reached XP level 11. HP: 42/73 MP: 15/15
 11831 | D:10     | Noticed a two-headed ogre
 11833 | D:10     | Killed a two-headed ogre
 12326 | D:10     | Found a basalt altar of Yredelemnul.
 12577 | D:11     | Found a staircase to the Lair.
 12589 | D:11     | Noticed a red ugly thing
 12599 | D:11     | Killed a red ugly thing
 12599 | D:11     | Reached skill level 9 in Dodging
 13496 | D:11     | Got an ichor-stained long sword
 13497 | D:11     | Identified the +11 long sword of the People {holy, +Fly}
                  | (You found it on level 11 of the Dungeon)
 14294 | Lair:1   | Entered Level 1 of the Lair of Beasts
 15182 | Lair:1   | Reached XP level 12. HP: 41/80 MP: 17/17
 16609 | D:4      | Bought a potion of brilliance for 56 gold pieces
 16609 | D:4      | Bought a potion of might for 56 gold pieces
 16609 | D:4      | Bought a potion of cancellation for 112 gold pieces
 16768 | Lair:2   | Noticed a four-headed hydra
 16785 | Lair:2   | Learned a level 4 spell: Petrify
 16791 | Lair:2   | Learned a level 5 spell: Metabolic Englaciation
 16805 | Lair:2   | Reached skill level 5 in Hexes
 16873 | Lair:2   | Killed a one-headed hydra
 17103 | Lair:2   | Reached skill level 1 in Transmutations
 17242 | Lair:2   | Reached skill level 1 in Earth Magic
 17468 | Lair:2   | Gained mutation: You are robust. (+10% HP) [potion of
                  | mutation]
 17468 | Lair:2   | Gained mutation: You are resistant to hostile enchantments.
                  | (MR+) [potion of mutation]
 17674 | Lair:3   | Noticed a five-headed hydra
 17677 | Lair:3   | Reached skill level 1 in Ice Magic
 17707 | Lair:2   | Reached skill level 10 in Dodging
 17913 | Lair:3   | Noticed Urug
 17923 | Lair:3   | Killed Urug
 19108 | Lair:3   | Noticed a seven-headed hydra
 19132 | Lair:3   | HP: 1/89 [three-headed hydra (9)]
 19471 | Lair:2   | Killed a one-headed hydra
 19668 | Lair:3   | Reached XP level 13. HP: 94/94 MP: 19/19
 19869 | Lair:3   | Identified the Volume of Entrancing Self-Knowledge
 20734 | D:4      | Bought a potion of flight for 42 gold pieces
 21038 | D:11     | Noticed Fannar
 21047 | D:11     | Killed Fannar
 22578 | D:12     | Found a gate leading to a gauntlet.
 22593 | Gauntlet | Entered a Gauntlet
 22593 | Gauntlet | Found a transporter.
 22593 | Gauntlet | Found a transporter.
 22595 | Gauntlet | Found a runed translucent door.
 22596 | Gauntlet | Found a transporter.
 22598 | Gauntlet | Found a transporter.
 22632 | Gauntlet | Found a transporter.
 22634 | Gauntlet | Found a transporter.
 22637 | Gauntlet | Found a transporter.
 22639 | Gauntlet | Found a transporter.
 22660 | Gauntlet | Found a transporter.
 22667 | Gauntlet | Found a transporter.
 22678 | Gauntlet | Found a transporter.
 22687 | Gauntlet | Found a transporter.
 22723 | Gauntlet | Found a transporter.
 22732 | Gauntlet | Found a runed translucent door.
 22732 | Gauntlet | Found a runed translucent door.
 22736 | Gauntlet | Found a transporter.
 22847 | Gauntlet | Got a flickering platinum ring
 22848 | Gauntlet | Identified the ring "Forget-Me-Not" {EV+4 Int+4} (You found
                  | it in a Gauntlet)
 22876 | Gauntlet | Gained mutation: Your magical capacity is low. (-10% MP) [a
                  | shining eye]
 22901 | Gauntlet | Noticed a fire dragon
 23206 | Gauntlet | Noticed a minotaur
 23212 | Gauntlet | Killed a minotaur
 23263 | D:12     | Learned a level 3 spell: Tukima's Dance
 23268 | D:12     | Learned a level 4 spell: Cause Fear
 24110 | D:12     | HP: 4/96 [centaur warrior zombie (2)]
 24112 | D:12     | Found a staircase to the Orcish Mines.
 25624 | D:12     | Reached skill level 10 in Short Blades
 25875 | D:12     | Found a sparkling altar of Nemelex Xobeh.
 26480 | Orc:1    | Entered Level 1 of the Orcish Mines
 26724 | Orc:1    | Found a burning altar of Makhleb.
 27478 | Lair:4   | Found a staircase to the Shoals.
 27580 | Lair:4   | Found a hole to the Spider Nest.
 27804 | Lair:4   | Reached skill level 5 in Transmutations
 27804 | Lair:4   | Reached skill level 5 in Earth Magic
 28064 | Lair:4   | Reached XP level 14. HP: 75/103 MP: 19/19
 28430 | Lair:5   | Found a dark tunnel.
 28449 | Volcano  | Entered a volcano
 29063 | Volcano  | Reached skill level 5 in Spellcasting
 29712 | Lair:5   | Got a jewelled mace
 29713 | Lair:5   | Identified the +7 mace of Eye-covered Conscience {vamp,
                  | Fragile rC+ rN+ Str+6} (You found it on level 5 of the Lair
                  | of Beasts)
 29965 | Lair:4   | Learned a level 4 spell: Fulminant Prism
 30909 | Lair:5   | Reached skill level 1 in Conjurations
 31322 | Lair:6   | Entered Level 6 of the Lair of Beasts
 32345 | Lair:6   | Found a viscous altar of Jiyva.
 32346 | Lair:6   | Found a staircase to the Slime Pits.
 33677 | Lair:6   | Reached skill level 11 in Dodging
 34681 | Lair:6   | Reached XP level 15. HP: 110/110 MP: 21/21
 34727 | Lair:6   | Got a wavering jade ring
 34728 | Lair:6   | Identified the ring "Iruumaxt" {*Contam rF+ rC+++ MR++
                  | Dex-4} (You found it on level 6 of the Lair of Beasts)
 35736 | Lair:6   | Learned a level 2 spell: Passwall
 36648 | Orc:2    | Entered Level 2 of the Orcish Mines
 38189 | Orc:2    | Found Kisch's Magic Scroll Shop.
 38199 | Orc:2    | Bought a scroll of blinking for 90 gold pieces
 38199 | Orc:2    | Bought a scroll of teleportation for 36 gold pieces
 38199 | Orc:2    | Bought a scroll of fog for 24 gold pieces
 38210 | Orc:2    | Found Zilud's Magic Scroll Boutique.
 38237 | Orc:2    | Bought a scroll of teleportation for 33 gold pieces
 38409 | Orc:2    | Found a roughly hewn altar of Beogh.
 38810 | Orc:2    | Noticed an orc warlord
 38816 | Orc:2    | Killed an orc warlord
 38984 | Orc:2    | Found a staircase to the Elven Halls.
 39264 | Orc:2    | Found Poibankou's General Store.
 39677 | Orc:2    | Reached skill level 5 in Ice Magic
 39729 | Orc:2    | Noticed an orc warlord
 39730 | Orc:2    | Found a roughly hewn altar of Beogh.
 39777 | Orc:2    | Reached skill level 10 in Invocations
 39905 | Orc:2    | Killed an orc warlord
 40595 | Orc:2    | Found Geefenwa's Antique Weapon Emporium.
 41149 | Orc:2    | Bought a scroll of identify for 22 gold pieces
 41149 | Orc:2    | Bought a scroll of identify for 22 gold pieces
 41149 | Orc:2    | Bought a scroll of identify for 22 gold pieces
 41149 | Orc:2    | Bought a scroll of identify for 22 gold pieces
 41149 | Orc:2    | Bought a scroll of enchant armour for 82 gold pieces
 41161 | Orc:2    | Bought a scroll of enchant armour for 90 gold pieces
 41220 | Orc:2    | Bought 2 potions of haste for 320 gold pieces
 41220 | Orc:2    | Bought a scroll of summoning for 152 gold pieces
 41221 | Orc:2    | Identified a scroll of acquirement
 41222 | Orc:2    | Acquired a +1 double sword of electrocution
 41424 | Shoals:1 | Entered Level 1 of the Shoals
 41611 | Shoals:1 | Found the +7 Kryia's mail coat {PotionHeal*2 rC+}
 43433 | Shoals:1 | Reached XP level 16. HP: 55/118 MP: 23/23
 43741 | Shoals:1 | Noticed a daeva
 43743 | Shoals:1 | Found a transporter.
 43749 | Shoals:1 | Found a one-way gate to the infinite horrors of the Abyss.
 43749 | Shoals:1 | Noticed Witt's ghost (adept GrFi)
 43755 | Shoals:1 | Found a transporter.
 43886 | Shoals:1 | Identified the +9 demon trident of Dissent {distort, rF+
                  | rC- Int+4 Dex+3}
 44294 | Shoals:2 | HP: 3/118 [satyr/sling bullet (47)]
 45385 | Shoals:2 | Reached skill level 12 in Dodging
 45629 | Shoals:2 | Reached skill level 5 in Long Blades
 47241 | Shoals:3 | Reached skill level 5 in Conjurations
 48882 | Shoals:4 | Entered Level 4 of the Shoals
 49361 | Shoals:4 | Noticed Ilsuiw
 50186 | D:13     | Annihilated by an enormous slime creature

Illustrated notes

Levels and vault maps discovered:
D:1:      minmay_arrival_nine_rooms, layout_loops_ring,
          hangedman_decor_riveting, minivault_19, skrybe_limestone_x
D:2:      layout_basic, chequers_ecumenical_altar_simple_redux, first_ration,
          feat_on_display, uniq_jessica, uniq_terence
D:3:      layout_loops_ring, uniq_grinder
D:4:      layout_cave_pools, serial_shops, shop_fountains, uniq_menkaure
D:5:      layout_loops_ring, minmay_temple_entry_slanted,
          kennysheep_decorative_pillar, uniq_pikel
D:6:      layout_loops_ring, nicolae_xom_altar_mimics
D:7:      layout_cave_pools, grunt_ogre_cave
D:8:      layout_basic, guppyfry_shop_venom, uniq_erica, uniq_prince_ribbit1
D:9:      layout_roguey, lemuel_coloured_pillars_altar, basic_altar
D:10:     layout_roguey, lemuel_mausoleum_altar_yredelemnul
D:11:     layout_long_grid, lair_entry_dummy, uniq_fannar
D:12:     layout_basic, david_orc_3, gauntlet_entry_generic,
          kennysheep_flooded_box, nicolae_wwwww
D:13:     layout_loops_ring
Lair:1:   layout_loops_ring, beast_lair_carwin_5
Lair:2:   layout_chaotic_city
Lair:3:   layout_regular_city, grunt_forest_stairs_basic, minmay_lindwurm_lava,
          uniq_urug
Lair:4:   layout_regular_city, minmay_shoals_entry_beasts,
          spider_nest_entry_web_field
Lair:5:   layout_cave_pods, nicolae_volcano_entry_batcave
Lair:6:   grunt_lair_end_beastmaster, layout_regular_city, slime_altar_1,
          cheibrodos_lair_lostbears, grunt_megastairs_2,
          minmay_lair_oklob_chamber, serial_bayou_shore_b, lemuel_fruit_fields,
          lemuel_fruit_tree, lemuel_fruit_fields
Shoals:1: layout_shoals, gammafunk_ghost_abyssal_escape,
          nicolae_shoals_wave_tunnel
Shoals:2: layout_shoals, nicolae_shoals_this_corrosion
Shoals:3: layout_shoals
Shoals:4: shoals_end_grunt_ice, layout_shoals, shoals_ilsuiw_ice
Orc:1:    layout_diamond_mine, bloody_makhleb
Orc:2:    pubby_orc_utopia, serial_shops

Skill      XL: |  1  2  3  4  5  6  7  8  9 10 11 12 13 14 15 16 |
---------------+-------------------------------------------------+-----
Stealth        | 3 5 6 7 |  7.5
Shields        | 1 2 3 4 5 6 |  6.6
Dodging        | 4 5 6 7 8 9 10 11 12 | 12.3
Short Blades   | 1 2 3 4 6 7 8 9 10 11 | 11.5
Invocations    | 1 2 4 5 6 7 8 9 10 | 10.7
Fighting       | 4 5 6 7 8 9 |  9.5
Evocations     | 2 4 |  4.5
Hexes          | 2 4 6 7 8 9 |  9.7
Spellcasting   | 1 2 3 4 5 6 7 |  7.3
Transmutations | 3 5 6 7 8 |  8.1
Earth Magic    | 3 5 6 7 8 |  8.2
Ice Magic      | 2 3 4 5 |  5.1
Conjurations   | 2 4 5 |  5.3
Long Blades    | 4 6 |  6.0

Action                   |  1- 3 |  4- 6 |  7- 9 | 10-12 | 13-15 | 16-18 || total
-------------------------+-------+-------+-------+-------+-------+-------++-------
Melee: Falchion          |    52 |    35 |    29 |       |       |       ||   116
       Constrict         |    19 |    30 |    48 |    84 |   198 |    47 ||   426
       Tentacles         |    13 |    29 |    75 |   156 |   362 |    76 ||   711
       Dagger            |       |    80 |   247 |   218 |    32 |       ||   577
       Short sword       |       |       |       |   366 |  1330 |   176 ||  1872
       Scimitar          |       |       |       |    13 |    15 |       ||    28
       Long sword        |       |       |       |       |    83 |       ||    83
       Double sword      |       |       |       |       |    56 |   124 ||   180
Throw: Dart              |       |       |       |     1 |    12 |     1 ||    14
 Cast: Confusing Touch   |       |       |       |     1 |     6 |       ||     7
       Tukima's Dance    |       |       |       |       |    60 |    32 ||    92
       Cause Fear        |       |       |       |       |    44 |    21 ||    65
       Petrify           |       |       |       |       |    14 |    31 ||    45
       Fulminant Prism   |       |       |       |       |    20 |     1 ||    21
       Metabolic Englaci |       |       |       |       |    13 |     3 ||    16
       Passwall          |       |       |       |       |       |     2 ||     2
Invok: Shadow Form       |       |       |     1 |     3 |       |     1 ||     5
       Shadow Step       |       |       |       |     3 |     9 |     7 ||    19
 Abil: Evoke Flight      |       |       |       |     1 |     6 |       ||     7
Evoke: Wand              |       |       |       |     1 |    18 |     1 ||    20
       Lightning rod     |       |       |       |       |     2 |     1 ||     3
  Use: Scroll            |       |       |     9 |     8 |    22 |     5 ||    44
       Potion            |       |       |     4 |     5 |    12 |     1 ||    22
 Stab: Sleeping          |     9 |    18 |    20 |    63 |    83 |    38 ||   231
       Distracted        |     1 |     3 |     7 |     3 |     9 |       ||    23
       Invisible         |       |       |       |     2 |       |     3 ||     5
       Confused          |       |       |       |     1 |     6 |       ||     7
       Petrified         |       |       |       |       |     8 |    44 ||    52
       Paralysed         |       |       |       |       |     5 |       ||     5
       Petrifying        |       |       |       |       |     1 |     6 ||     7
       Fleeing           |       |       |       |       |       |     1 ||     1
  Eat: Chunk             |     1 |     7 |    13 |    23 |    69 |    15 ||   128
       Ration            |       |       |     1 |     4 |     8 |     4 ||    17
Armor: Skin              |     4 |     2 |     7 |    10 |    10 |     2 ||    35
Dodge: Dodged            |    33 |    59 |   175 |   394 |  1125 |   254 ||  2040
Block: Buckler           |       |       |    41 |   108 |   311 |    57 ||   517
       Rpst.: Falchion   |    11 |     4 |     8 |       |       |       ||    23
       Scimitar          |       |       |       |     4 |     2 |       ||     6
       Long sword        |       |       |       |       |    22 |       ||    22
       Double sword      |       |       |       |       |    15 |    31 ||    46
